 Dungeon Crawl Stone Soup version 0.21.1-74-g47da925 (webtiles) character file.

135 Madoushi the Skirmisher (level 4, -6/61 HPs)
             Began as a Minotaur Berserker on Aug 6, 2018.
             Was a Believer of Trog.
             Mangled by Sigmund
             ... wielding a +0 scythe
              (10 damage)
             ... on level 3 of the Dungeon.
             The game lasted 00:04:24 (2537 turns).

Madoushi the Skirmisher (Minotaur Berserker)        Turns: 2537, Time: 00:04:25

Health: -6/61      AC:  5    Str: 28    XL:     4   Next: 96%
Magic:  3/3        EV: 12    Int:  4    God:    Trog [**....]
Gold:   88         SH:  0    Dex:  9    Spells: 3/3 levels left

rFire    . . .     SeeInvis .   q - +0 war axe
rCold    . . .     Gourm    .   (no shield)
rNeg     . . .     Faith    .   n - +0 ring mail
rPois    .         Spirit   .   (helmet restricted)
rElec    .         Reflect  .   (no cloak)
rCorr    .         Harm     .   (no gloves)
MR       ++...                  (no boots)
Stlth    ..........             (no amulet)
HPRegen  1.20/turn              (no ring)
MPRegen  0.08/turn              (no ring)

@: berserking, regenerating, very quick
A: retaliatory headbutt, horns 2
a: Berserk, Trog's Hand, Burn Spellbooks, Renounce Religion


You were on level 3 of the Dungeon.
You worshipped Trog.
Trog was pleased with you.
You were very hungry.

You visited 1 branch of the dungeon, and saw 3 of its levels.

You collected 88 gold pieces.

Inventory:

Hand Weapons
 a - a +0 hand axe
 q - a +0 war axe (weapon)
Armour
 b - a +0 animal skin
 h - a +0 plate armour
 n - a +0 ring mail (worn)
Jewellery
 g - an uncursed ring of positive energy {unknown}
 o - an uncursed ring of flight {unknown}
Scrolls
 e - a scroll of teleportation {unknown}
 j - 4 scrolls of identify {unknown}
 k - 2 scrolls of remove curse {unknown}
 l - 2 scrolls of amnesia {unknown}
 r - 2 scrolls of fog {unknown}
 s - a scroll of magic mapping {unknown}
Potions
 d - a potion of curing {unknown}
 f - a potion of haste {unknown}
 i - a potion of invisibility {unknown}
 m - a potion of mutation {unknown}
 p - a potion of heal wounds {unknown}
Comestibles
 c - 3 rations


   Skills:
 + Level 4.6 Fighting
 + Level 4.6 Axes
 + Level 3.6 Armour
 + Level 3.4 Dodging


You had 3 spell levels left.
You didn't know any spells.

Dungeon Overview and Level Annotations

Branches:
Dungeon (3/15)

Altars:
Okawaru

Annotations:
D:3 Sigmund


Innate Abilities, Weirdness & Mutations

You reflexively headbutt those who attack you in melee.
You have a pair of horns on your head.


Message History

You closely miss something. Your headbutt misses something.
You feel less confused.
You hit something. Something hits you.
You miss something.
You hear some strange, mumbled words.
A magic dart appears from out of thin air!
The magic dart hits you!
* * * LOW HITPOINT WARNING * * *
Your skin crawls.
You feel resistant to hostile enchantments.
You feel somewhat more hungry. Something hits you.
* * * LOW HITPOINT WARNING * * *
A red film seems to cover your vision as you go berserk!
You feel yourself moving faster!
You feel mighty!
You are feeling very hungry.
Something hits you.
* * * LOW HITPOINT WARNING * * *
You closely miss something. You miss something. Something hits you!
You die...

........
.............)##
........
....(........###
........
..........#....#
........
.........†..##..#
........
..........### #..#
..>.....
...........# ....
........
...........#....#.
........
.......{........+
........
.......@.#......#
........
...%...?(.......'
........
................#
....
..............###
#...
.........##'###
#.. .........# ..#
.. .......... ..#
......(... ..
..........#


There were no monsters in sight!

Vanquished Creatures
  A bullfrog skeleton (D:2)
  4 adders
  2 oozes
  4 worms
  A dart slug (D:2)
  2 leopard geckos (D:3)
  3 giant cockroaches
  7 hobgoblins
  4 kobolds
  2 bats
  3 frilled lizards
  8 goblins
  9 rats
50 creatures vanquished.

Notes
Turn   | Place    | Note
-------+----------+-------------------------------------------
     0 | D:1      | Madoushi the Minotaur Berserker began the quest for the Orb.
     0 | D:1      | Reached XP level 1. HP: 19/19 MP: 0/0
   112 | D:1      | Reached XP level 2. HP: 14/27 MP: 1/1
   962 | D:2      | Reached XP level 3. HP: 15/33 MP: 2/2
  1423 | D:2      | Reached XP level 4. HP: 39/41 MP: 3/3
  1547 | D:2      | Reached ** piety under Trog
  2234 | D:3      | Found an iron altar of Okawaru.
  2500 | D:3      | Noticed Sigmund
  2535 | D:3      | HP: 2/61 [something (6)]
  2537 | D:3      | Mangled by Sigmund

Skill      XL: |  1  2  3 |
---------------+----------+-----
Fighting       | 4 |  4.6
Axes           | 4 |  4.6
Armour         | 3 |  3.6
Dodging        | 3 |  3.4

Action                   |  1- 3 |  4- 6 || total
-------------------------+-------+-------++-------
Melee: Hand axe          |    64 |    36 ||   100
       Headbutt          |     7 |     6 ||    13
       War axe           |       |    26 ||    26
Invok: Berserk           |       |     1 ||     1
       Trog's Hand       |       |     1 ||     1
  Eat: Chunk             |     2 |     3 ||     5
Armor: Animal skin       |     3 |       ||     3
       Ring mail         |     7 |    18 ||    25
Dodge: Dodged            |    33 |    31 ||    64
